[Event "Team 45 45 League T56"]
[Site "Internet Chess Club"]
[Date "2013.03.17"]
[Round "4"]
[White "PaulRichard"]
[Black "ilovechess"]
[Result "1-0"]
[WhiteElo "1578"]
[BlackElo "1499"]
[Opening "Ruy Lopez: exchange variation, 5.O-O"]
[ECO "C68"]
[Time "17:00:30"]
[TimeControl "2700+45"]

1. e4 e5 2. Nf3 Nc6 3. Bb5 a6 4. Bxc6 dxc6 5. O-O Bd6 6. d4 exd4 7. Qxd4 f6 8.
Be3 Be5 9. Nxe5 Qxd4 10. Bxd4 fxe5 11. Bxe5 Nf6 12. Nc3 Kd8 13. Rad1+ Bd7 14.
Rd3 Kc8 15. Rfd1 Bg4 16. f3 Be6 17. Bxf6 gxf6 18. b3 Rg8 19. Ne2 b6 20. Nf4 Bf7
21. Rd7 Rf8 22. Re7 Bg8 23. Rdd7 Ra7 24. Ne2 h6 25. Nd4 c5 26. Nc6 Rb7 27. Rg7
Be6 28. Rde7 Bg8 29. e5 fxe5 30. Rxe5 Bf7 31. Re7 Be8 32. Ne5 a5 33. Nc4 Bc6 34.
Rg6 Kd8 35. Reg7 Bd7 36. Rxh6 Re8 37. Rhh7 Bc6 38. Nd6 cxd6 39. Rxb7 Bxb7 40.
Rxb7 Re1+ 41. Kf2 Rh1 42. Kg3 {Black resigns} 1-0

[Event "Team 45 45 League T56"]
[Site "Internet Chess Club"]
[Date "2013.03.16"]
[Round "4"]
[White "hi12980"]
[Black "medsurg"]
[Result "1/2-1/2"]
[WhiteElo "1670"]
[BlackElo "1297"]
[Opening "Ruy Lopez: 5.O-O"]
[ECO "C78"]
[Time "23:00:10"]
[TimeControl "2700+45"]

1. e4 e5 2. Nf3 Nc6 3. Bb5 a6 4. Ba4 Nf6 5. O-O b5 6. Bb3 Bc5 7. a4 Rb8 8. c3
Bb6 9. d4 d6 10. Na3 O-O 11. axb5 axb5 12. Nxb5 Bg4 13. Bg5 Bxf3 14. gxf3 exd4
15. cxd4 Bxd4 16. Nxd4 Nxd4 17. Bxf7+ Rxf7 18. Qxd4 h6 19. Bh4 c5 20. Qc3 Nxe4
21. fxe4 Qxh4 22. Qg3 Qxe4 23. Qxd6 Qg4+ 24. Kh1 Qf3+ 25. Kg1 Qg4+ 26. Kh1 {Game
drawn by mutual agreement} 1/2-1/2

[Event "Team 45 45 League T56"]
[Site "Internet Chess Club"]
[Date "2013.03.17"]
[Round "4"]
[White "rhayder"]
[Black "browndeer"]
[Result "0-1"]
[WhiteElo "1234"]
[BlackElo "1445"]
[Opening "Sicilian: accelerated fianchetto, exchange variation"]
[ECO "B34"]
[Time "18:02:54"]
[TimeControl "2700+45"]

1. e4 c5 2. Nf3 Nc6 3. d4 cxd4 4. Nxd4 g6 5. Nxc6 bxc6 6. Nc3 Bg7 7. Bc4 d6 8.
O-O Bd7 9. Bg5 Nf6 10. f3 Qb6+ 11. Kh1 Qxb2 12. Qd2 Qb7 13. Rab1 Qc7 14. Bh6 O-O
15. Bxg7 Kxg7 16. Bd3 Rab8 17. f4 Rxb1 18. Nxb1 Rb8 19. f5 c5 20. c4 Bc6 21. Rf3
Nxe4 22. Qf4 Nf6 23. Rh3 Qa5 24. Qh6+ Kg8 25. Kg1 Rxb1+ 26. Bxb1 Qe1# {White
checkmated} 0-1

[Event "Team 45 45 League T56"]
[Site "Internet Chess Club"]
[Date "2013.03.16"]
[Round "4"]
[White "Invicta-Knight"]
[Black "pereelcoix"]
[Result "1-0"]
[WhiteElo "1487"]
[BlackElo "1538"]
[Opening "Caro-Kann defense"]
[ECO "B15"]
[Time "06:02:46"]
[TimeControl "2700+45"]

1. e4 c6 2. d4 d5 3. Nc3 dxe4 4. Nxe4 Nf6 5. Ng3 Nbd7 6. Nf3 e6 7. Be3 Bd6 8.
Bd3 O-O 9. Ne4 Bc7 10. Qd2 Nxe4 11. Bxe4 Nf6 12. Bg5 Ba5 13. c3 Nxe4 14. Bxd8
Nxd2 15. Bxa5 Nxf3+ 16. gxf3 b6 17. Bb4 Rd8 18. Rg1 a5 19. Be7 Re8 20. Bf6 g6
21. Kd2 h5 22. Rg2 Ba6 23. Rag1 Rac8 24. Rg5 c5 25. Rxh5 {Black resigns} 1-0

[Event "Team 45 45 League T56"]
[Site "Internet Chess Club"]
[Date "2013.03.18"]
[Round "4"]
[White "BrianWood"]
[Black "dscvdchk"]
[Result "1-0"]
[WhiteElo "1455"]
[BlackElo "1478"]
[Opening "Grünfeld with Bf4 & e3"]
[ECO "D93"]
[Time "02:22:52"]
[TimeControl "2700+45"]

1. d4 Nf6 2. c4 g6 3. Nc3 d5 4. Bf4 Bg7 5. e3 O-O 6. Nf3 Nc6 7. a3 a6 8. Bd3 Nh5
9. Bg3 Nxg3 10. hxg3 Bg4 11. cxd5 Nb8 12. Rxh7 Kxh7 13. Ng5+ Kg8 14. Qxg4 Bh6
15. Bxg6 Bxg5 16. Qxg5 Kg7 17. Bd3+ Kh8 18. Qh6+ {Black resigns} 1-0

[Event "Team 45 45 League T56"]
[Site "Internet Chess Club"]
[Date "2013.03.18"]
[Round "4"]
[White "BrerRabbit"]
[Black "otib2006"]
[Result "1-0"]
[WhiteElo "1463"]
[BlackElo "1251"]
[Opening "Queen's pawn, Mason variation"]
[ECO "D00"]
[Time "19:01:23"]
[TimeControl "2700+45"]

1. d4 d5 2. Bf4 Nf6 3. e3 e6 4. Nf3 Be7 5. Bd3 O-O 6. Nbd2 Nc6 7. h3 Nb4 8. Be2
Bd6 9. Ne5 Bxe5 10. Bxe5 Nd7 11. Bg3 Qg5 12. Nf3 Qg6 13. O-O Nxc2 14. Bd3 Nxe3
15. Bxg6 Nxd1 16. Bxh7+ Kxh7 17. Rfxd1 Nf6 18. Bxc7 Bd7 19. Rac1 Ne8 20. Bf4 Bb5
21. Rc3 Nf6 22. Rc7 Be2 23. Rdc1 Bxf3 24. gxf3 b6 25. Bd6 Ne8 26. Bxf8 Nxc7 27.
Rxc7 Rxf8 28. Rxa7 Kg6 29. Kg2 Rc8 30. Rb7 Rc4 31. Rxb6 Rxd4 32. b3 Rd2 33. a4
Ra2 34. Rb7 Kf6 35. Rc7 Rb2 36. Rb7 d4 37. b4 d3 38. a5 d2 39. Rd7 Rxb4 40. Rxd2
Ra4 41. Re2 Rxa5 42. Re4 Rg5+ 43. Rg4 Rd5 44. Rf4+ Rf5 45. Rg4 Rc5 46. Rf4+ Rf5
47. Re4 e5 48. Kg3 Rg5+ 49. Rg4 Kg6 50. h4 Rxg4+ 51. fxg4 f5 52. f3 f4+ 53. Kf2
Kh6 54. Ke2 Kg6 55. Kd3 Kf6 56. Ke4 g6 57. Kd5 g5 58. h5 e4 59. Kxe4 Ke6 60. h6
Kf6 61. h7 Kg7 62. Kf5 Kxh7 63. Kxg5 Kg7 64. Kxf4 Kg6 65. Ke5 Kg5 66. Ke4 Kf6
67. Kf4 Kg6 68. g5 Kf7 69. Kf5 Kf8 70. Kf6 Kg8 71. Kg6 Kh8 72. Kh6 Kg8 73. g6
Kh8 74. g7+ {Black resigns} 1-0

[Event "Team 45 45 League T56"]
[Site "Internet Chess Club"]
[Date "2013.03.17"]
[Round "4"]
[White "LittleButton"]
[Black "room-matt"]
[Result "1/2-1/2"]
[WhiteElo "1800"]
[BlackElo "1787"]
[Opening "Scotch: Steinitz variation"]
[ECO "C45"]
[Time "14:00:56"]
[TimeControl "2700+45"]

1. e4 e5 2. Nf3 Nc6 3. d4 exd4 4. Nxd4 Qh4 5. Nc3 Bb4 6. Be2 Ba5 7. O-O Qf6 8.
Be3 Nge7 9. Nxc6 Nxc6 10. Bb5 Bxc3 11. bxc3 Qxc3 12. Qg4 O-O 13. Qg3 d6 14. Rad1
Re8 15. Bd3 Qb2 16. f4 b6 17. f5 Bb7 18. f6 g6 19. Qg5 Re6 20. Bc4 h6 21. Qh4
Qc3 22. Qxh6 Rxf6 23. Rxf6 Qxc4 24. Rdf1 Ne5 25. R6f4 Bxe4 26. Rh4 f5 27. Qh7+
Kf8 28. Bg5 Qd4+ 29. Kh1 Bxg2+ 30. Kxg2 Qd5+ 31. Kg1 Qc5+ 32. Rf2 Nf3+ 33. Kg2
Nxh4+ 34. Bxh4 Qd5+ 35. Kg1 Re8 36. Qh8+ Qg8 37. Qf6+ Qf7 38. Qh8+ {Game drawn
by mutual agreement} 1/2-1/2

[Event "Team 45 45 League T56"]
[Site "Internet Chess Club"]
[Date "2013.03.16"]
[Round "4"]
[White "chrisgianno"]
[Black "Skeptic1972"]
[Result "0-1"]
[WhiteElo "1681"]
[BlackElo "1626"]
[Opening "Queen's pawn: Torre attack"]
[ECO "A46"]
[Time "12:06:16"]
[TimeControl "2700+45"]

1. d4 Nf6 2. Nf3 e6 3. Bg5 h6 4. Bd2 d5 5. e3 Ne4 6. Bd3 Nxd2 7. Nbxd2 c5 8. c3
Nc6 9. O-O Be7 10. dxc5 Bxc5 11. Nb3 Be7 12. Qc2 O-O 13. Rad1 Qc7 14. e4 dxe4
15. Bxe4 f5 16. Bd3 e5 17. Bc4+ Kh8 18. Rfe1 e4 19. Nfd4 Nxd4 20. Rxd4 Bf6 21.
Red1 Bxd4 22. Rxd4 Rd8 23. Qd2 Rxd4 24. Qxd4 Qd7 25. Bd5 Qd6 26. c4 Be6 27. Bxb7
Qxd4 28. Nxd4 Rd8 {White resigns} 0-1

[Event "Team 45 45 League T56"]
[Site "Internet Chess Club"]
[Date "2013.03.17"]
[Round "4"]
[White "Manch"]
[Black "Signalman"]
[Result "0-1"]
[WhiteElo "1589"]
[BlackElo "1548"]
[Opening "Pirc defense"]
[ECO "B07"]
[Time "14:32:33"]
[TimeControl "2700+45"]

1. e4 d6 2. d4 Nf6 3. Nc3 Nbd7 4. f4 e5 5. dxe5 dxe5 6. fxe5 Nxe5 7. Qxd8+ Kxd8
8. Bf4 Bd6 9. Bg5 c6 10. O-O-O Kc7 11. h3 h6 12. Bh4 Be6 13. Bxf6 gxf6 14. Nf3
Nxf3 15. gxf3 Rhg8 16. Bd3 Rg3 17. Rdf1 Bxh3 18. Rf2 Bg2 19. Rg1 Rag8 20. Ne2
R3g5 21. c3 Bc5 22. Nd4 Rg3 23. b4 Bxd4 24. cxd4 h5 25. Bc4 Bxf3 26. Rxg3 Rxg3
27. Bxf7 h4 28. Bg6 h3 29. Bf5 Bg2 30. Bxh3 Bxh3 31. Rxf6 Rd3 32. Rf7+ Kb6 33.
d5 cxd5 34. exd5 Rxd5 35. Rf6+ Kb5 36. Rf7 Rd7 37. Rf3 Be6 38. a3 Ka4 39. Re3
Bb3 40. Kb2 Rd2+ 41. Kc1 Rc2+ 42. Kb1 Kxa3 43. Re7 Rd2 44. Rc7 Rd1+ 45. Rc1
Rxc1+ 46. Kxc1 Kxb4 47. Kb2 a5 48. Kb1 a4 49. Kb2 b5 50. Kb1 a3 51. Ka1 Bd5 52.
Kb1 Kc3 53. Ka1 b4 54. Kb1 b3 55. Ka1 b2+ 56. Kb1 a2# {White checkmated} 0-1

[Event "Team 45 45 League T56"]
[Site "Internet Chess Club"]
[Date "2013.03.16"]
[Round "4"]
[White "werty"]
[Black "birk113"]
[Result "1/2-1/2"]
[WhiteElo "1560"]
[BlackElo "1513"]
[Opening "King's Indian: London system"]
[ECO "A45"]
[Time "15:54:40"]
[TimeControl "2700+45"]

1. d4 Nf6 2. Bf4 g6 3. Nf3 Bg7 4. e3 O-O 5. Nbd2 d6 6. h3 Nbd7 7. c3 c5 8. Be2
Nd5 9. Bh2 cxd4 10. exd4 e5 11. O-O Nf4 12. dxe5 dxe5 13. Nc4 Nxe2+ 14. Qxe2 f6
15. Rad1 Qc7 16. Nd6 Nb6 17. Nxc8 Raxc8 18. Rd3 Rcd8 19. Rfd1 Rxd3 20. Rxd3 Rd8
21. Qd2 Rxd3 22. Qxd3 Qd7 23. Qxd7 Nxd7 24. Kf1 Nc5 25. Ke2 Na4 26. Kd2 Nxb2 27.
Kc2 Na4 28. Kb3 Nc5+ 29. Kc4 Bf8 30. Nd2 Kf7 31. f3 b6 32. Bg1 a6 33. Bxc5 Bxc5
34. Nb3 Bf2 35. Kd5 h5 36. Nc1 a5 37. Nd3 Bg1 38. c4 g5 39. a4 Ke7 40. g4 hxg4
41. hxg4 Kd7 42. Nb2 Ke7 43. Nd3 Kd7 44. Nb2 Ke7 {Game drawn by mutual
agreement} 1/2-1/2

[Event "Team 45 45 League T56"]
[Site "Internet Chess Club"]
[Date "2013.03.18"]
[Round "4"]
[White "Grenadier"]
[Black "frank001"]
[Result "0-1"]
[WhiteElo "1681"]
[BlackElo "1828"]
[Opening "Sicilian: closed"]
[ECO "B23"]
[Time "20:00:27"]
[TimeControl "2700+45"]

1. e4 c5 2. Nc3 a6 3. f4 Nc6 4. Nf3 d6 5. Bc4 g6 6. O-O Bg7 7. a4 Nf6 8. d3 O-O
9. Bd2 Nd4 10. Nxd4 cxd4 11. Ne2 e5 12. fxe5 dxe5 13. Qe1 Nh5 14. Bb4 Be6 15.
Bxe6 fxe6 16. Bxf8 Bxf8 17. Qf2 Qe7 18. g4 Bh6 19. Kh1 Be3 20. Qg2 Nf4 21. Nxf4
exf4 22. Rae1 e5 23. Rf3 Rc8 24. Re2 Qb4 25. b3 Qa3 26. h4 h6 27. Qh3 Rc6 28. g5
Qe7 29. gxh6 Kh7 30. Rg2 Kxh6 31. Qg4 Kh7 32. h5 g5 33. Qxg5 Qxg5 34. Rxg5 Rxc2
35. Rxe5 Rc3 36. Re7+ Kh6 37. Rxb7 Rxd3 38. e5 Rd1+ 39. Kg2 Rg1+ 40. Kh3 d3 41.
Rd7 d2 42. e6 d1=Q 43. Rxd1 Rxd1 44. e7 Rh1+ 45. Kg2 Rg1+ 46. Kh3 Rg8 47. b4 Re8
48. b5 axb5 49. axb5 Rxe7 50. b6 Kxh5 51. Rf1 Kg5 52. Rb1 Rb7 53. Rb5+ Kf6 54.
Kg4 Ke6 55. Rh5 Kd6 56. Rh6+ Kc5 57. Rh5+ Kxb6 58. Kf3 Kc6 59. Ra5 Rb5 60. Ra2
Kd5 61. Ra4 Rc5 62. Ra8 Kc4 63. Re8 Rd5 64. Rc8+ Kd3 65. Re8 Rd4 66. Ra8 Bc1 67.
Re8 Rc4 68. Rd8+ Kc2 69. Rf8 Rc3+ 70. Kf2 Kd1 71. Rd8+ Bd2 72. Rd4 Kc1 73. Rd8
Be3+ 74. Kf1 Rc2 75. Ra8 Kd1 76. Ra1+ Rc1 77. Ra2 Rc2 78. Ra1+ Kd2 79. Ra8 Rc1+
80. Kg2 Ke2 81. Ra2+ Bd2 82. Ra3 Rf1 83. Ra8 f3+ 84. Kh2 f2 85. Re8+ Be3 86. Rf8
Rg1 87. Re8 Rg6 88. Re4 Rh6+ {White resigns} 0-1

[Event "Team 45 45 League T56"]
[Site "Internet Chess Club"]
[Date "2013.03.17"]
[Round "4"]
[White "pereelcoix"]
[Black "zepled37"]
[Result "1-0"]
[WhiteElo "1553"]
[BlackElo "1503"]
[Opening "French: classical, Steinitz variation"]
[ECO "C14"]
[Time "17:01:13"]
[TimeControl "2700+45"]

1. e4 e6 2. d4 d5 3. Nc3 Nf6 4. Bg5 Be7 5. e5 Nfd7 6. Bxe7 Qxe7 7. f4 c5 8. Nb5
Qd8 9. Nd6+ Kf8 10. Qh5 g6 11. Qh6+ Kg8 12. Nf3 f6 13. Bb5 Nc6 14. Bxc6 bxc6 15.
c3 Qf8 16. Qxf8+ Kxf8 17. exf6 Ba6 18. dxc5 Nxc5 19. Ne5 Rb8 20. b4 Nd3+ 21.
Nxd3 Bxd3 22. O-O-O Ba6 23. Rhe1 Bc8 24. Nxc8 Rxc8 25. Rxe6 Kf7 26. Rde1 c5 27.
Re7+ Kxf6 28. R1e6+ Kf5 29. Re5+ Kxf4 30. Rxd5 cxb4 31. Rf7+ Ke4 32. Rd4+ Ke5
33. Rxb4 Rxc3+ 34. Kd2 Rhc8 35. Re7+ Kd6 36. Rxa7 Rc2+ 37. Ke3 R8c3+ 38. Kd4 Rc6
39. Rxh7 Rxa2 40. g4 Rd2+ 41. Ke3 Rdc2 42. h3 R2c3+ 43. Kf4 R3c5 44. Rh6 Kd5 45.
Kg5 Rc3 46. h4 Kc5 47. Rf4 Rh3 48. Rf6 Rc8 49. Rfxg6 Rd3 50. Rf6 Rd4 51. Rf1
Rcd8 52. Rc1+ Kb5 53. Kh5 R8d5+ 54. g5 Re4 55. Rh8 Kb6 56. Rb8+ Ka7 57. Rb2 Ra4
58. Rc7+ Ka8 59. Re2 Rd8 60. g6 Rh8+ 61. Rh7 Rd8 62. g7 Rd5+ 63. Kg6 Ra6+ 64.
Kf7 Ra7+ 65. Re7 Rf5+ 66. Kg6 Rxe7 67. g8=Q+ Ka7 {Black resigns} 1-0

[Event "Team 45 45 League T56"]
[Site "Internet Chess Club"]
[Date "2013.03.19"]
[Round "4"]
[White "GoIrish"]
[Black "Andressa"]
[Result "1-0"]
[WhiteElo "1581"]
[BlackElo "1488"]
[Opening "Réti: King's Indian attack (Barcza system)"]
[ECO "A07"]
[Time "08:41:03"]
[TimeControl "2700+45"]

1. Nf3 d5 2. g3 Nf6 3. Bg2 Bf5 4. O-O Nbd7 5. d3 e6 6. h3 Bd6 7. Nh4 O-O 8. Nxf5
exf5 9. d4 h6 10. Nd2 f4 11. gxf4 Bxf4 12. e3 Bd6 13. Nf3 c6 14. Nh2 Qc7 15. f4
Rfe8 16. Ng4 Ne4 17. Bxe4 dxe4 18. Kh1 f6 19. Rg1 Nb6 20. Nxf6+ Kh8 21. Nxe8
Rxe8 22. Qh5 Re6 23. Rg6 {Black resigns} 1-0

[Event "Team 45 45 League T56"]
[Site "Internet Chess Club"]
[Date "2013.03.16"]
[Round "4"]
[White "PANAMA-REY"]
[Black "BrerRabbit"]
[Result "1/2-1/2"]
[WhiteElo "1447"]
[BlackElo "1455"]
[Opening "Pirc: classical, h3 system"]
[ECO "B08"]
[Time "19:01:41"]
[TimeControl "2700+45"]

1. e4 d6 2. Nf3 Nf6 3. Nc3 g6 4. d4 Bg7 5. h3 O-O 6. Bg5 h6 7. Be3 b6 8. Qd2 Kh7
9. Bd3 c5 10. g4 Nfd7 11. d5 Ne5 12. Nxe5 dxe5 13. h4 Bxg4 14. Be2 Bxe2 15. Qxe2
Nd7 16. O-O-O Nf6 17. f3 Nh5 18. Rdg1 Nf4 19. Qf2 a6 20. Rg4 Nh5 21. Rhg1 Qd6
22. Ne2 Nf6 23. R4g2 Nh5 24. Ng3 Nxg3 25. Rxg3 h5 26. Qg2 Bh6 27. Bxh6 Kxh6 28.
Rg5 Qf6 29. Qg3 Qf4+ 30. Qxf4 exf4 31. e5 Rg8 32. e6 f6 33. R5g2 Rad8 34. c4
{Game drawn by mutual agreement} 1/2-1/2

[Event "Team 45 45 League T56"]
[Site "Internet Chess Club"]
[Date "2013.03.19"]
[Round "4"]
[White "steadman"]
[Black "Jack-ONeill"]
[Result "1/2-1/2"]
[WhiteElo "2098"]
[BlackElo "2053"]
[Opening "Budapest: Rubinstein variation"]
[ECO "A52"]
[Time "14:16:46"]
[TimeControl "2700+45"]

1. d4 Nf6 2. c4 e5 3. dxe5 Ng4 4. Bf4 Nc6 5. Nf3 Bb4+ 6. Nbd2 Qe7 7. e3 Ngxe5 8.
Nxe5 Nxe5 9. Be2 d6 10. O-O a5 11. a3 Bxd2 12. Qxd2 a4 13. c5 dxc5 14. Rac1 O-O
15. Qd5 Ng6 16. Bg3 Ra5 17. Rfd1 Re8 18. h3 h6 19. Bd3 Nf8 20. Bb1 b6 21. Qc6
Ra7 {Game drawn by mutual agreement} 1/2-1/2

[Event "Team 45 45 League T56"]
[Site "Internet Chess Club"]
[Date "2013.03.18"]
[Round "4"]
[White "Ptzz"]
[Black "RedAttack"]
[Result "1-0"]
[WhiteElo "2127"]
[BlackElo "1841"]
[Opening "QGD Slav accepted: Alapin variation"]
[ECO "D16"]
[Time "15:04:22"]
[TimeControl "2700+45"]

1. d4 c6 2. c4 d5 3. Nf3 Nf6 4. Nc3 dxc4 5. a4 Nd5 6. e4 Nxc3 7. bxc3 Bg4 8.
Bxc4 e6 9. h3 Bh5 10. O-O Be7 11. Qd3 Nd7 12. Rb1 Nb6 13. Bb3 O-O 14. Bc2 Rb8
15. Bf4 Bxf3 16. gxf3 Rc8 17. a5 Nd7 18. Rxb7 g6 19. Rfb1 c5 20. Rxa7 c4 21. Qe2
Re8 22. Rbb7 Nf8 23. Ba4 {Black resigns} 1-0

[Event "Team 45 45 League T56"]
[Site "Internet Chess Club"]
[Date "2013.03.15"]
[Round "4"]
[White "IceBox"]
[Black "PandorasBox"]
[Result "1/2-1/2"]
[WhiteElo "1897"]
[BlackElo "1901"]
[Opening "Réti opening"]
[ECO "A04"]
[Time "17:25:51"]
[TimeControl "2700+45"]

1. Nf3 b6 2. d4 Bb7 3. c4 e6 4. a3 Nf6 5. Nc3 d5 6. cxd5 Nxd5 7. Qc2 Nd7 8. Nxd5
Bxd5 9. e4 Bb7 10. Bb5 a6 11. Bc6 Bxc6 12. Qxc6 Bd6 13. Bg5 {Game drawn by
mutual agreement} 1/2-1/2

[Event "Team 45 45 League T56"]
[Site "Internet Chess Club"]
[Date "2013.03.16"]
[Round "4"]
[White "David1"]
[Black "chess9793"]
[Result "1-0"]
[WhiteElo "2259"]
[BlackElo "2085"]
[Opening "Queen's pawn game"]
[ECO "D00"]
[Time "10:04:53"]
[TimeControl "2700+45"]

1. d4 Nf6 2. Nc3 d5 3. Bf4 g6 4. Nf3 Bg7 5. e3 O-O 6. Bd3 c5 7. O-O Nc6 8. dxc5
Bg4 9. Bb5 Qa5 10. Rb1 Ne4 11. Qxd5 Bxf3 12. gxf3 Nxc3 13. bxc3 Rfd8 14. Qb3
Qxc3 15. Qxc3 Bxc3 16. Ba4 e5 17. Bg5 Rd7 18. Rxb7 Rxb7 19. Bxc6 Rab8 20. Bxb7
Rxb7 21. Bf6 Bb4 22. Rb1 {Black resigns} 1-0

[Event "Team 45 45 League T56"]
[Site "Internet Chess Club"]
[Date "2013.03.14"]
[Round "4"]
[White "ben622"]
[Black "HematiteBrown"]
[Result "1-0"]
[WhiteElo "2003"]
[BlackElo "2090"]
[Opening "Sicilian: Najdorf, Lipnitzky attack"]
[ECO "B86"]
[Time "13:00:06"]
[TimeControl "2700+45"]

1. e4 c5 2. Nf3 d6 3. d4 cxd4 4. Nxd4 Nf6 5. Nc3 a6 6. Bc4 e6 7. Bb3 Nbd7 8. O-O
Nc5 9. Re1 b5 10. Bg5 Bb7 11. f4 b4 12. Ba4+ Nxa4 13. Nxa4 h6 14. Bxf6 Qxf6 15.
Nb6 Rd8 16. c3 Qxf4 17. Qa4+ Ke7 18. Nc6+ Bxc6 19. Qxc6 f6 20. Nd5+ exd5 21.
exd5+ Qe5 22. Rxe5+ fxe5 23. cxb4 g6 24. Rf1 Rh7 25. Qxa6 h5 26. Qd3 Rg7 27. Qh3
Re8 28. b5 Kd8 29. Rc1 Rc7 30. Rxc7 Kxc7 31. Qc3+ Kd8 32. Qc6 Bh6 33. Qxd6+ Kc8
34. Qc6+ Kd8 35. d6 Be3+ 36. Kf1 Rf8+ 37. Ke2 Rf2+ 38. Kxe3 Rc2 39. Qxc2 {Black
resigns} 1-0

[Event "Team 45 45 League T56"]
[Site "Internet Chess Club"]
[Date "2013.03.15"]
[Round "4"]
[White "pmcglothin"]
[Black "stile"]
[Result "1-0"]
[WhiteElo "1856"]
[BlackElo "1785"]
[Opening "Réti v Dutch"]
[ECO "A04"]
[Time "14:40:33"]
[TimeControl "2700+45"]

1. Nf3 f5 2. g3 Nf6 3. Bg2 e6 4. d3 d5 5. O-O Be7 6. Nbd2 O-O 7. c3 c6 8. Qc2
Na6 9. e4 Bd7 10. e5 Nh5 11. Nb3 g6 12. Qe2 Rc8 13. Bh6 Rf7 14. h4 f4 15. g4 Ng7
16. Bg5 b6 17. d4 Nc7 18. Bh3 Qf8 19. Bh6 c5 20. a4 c4 21. Nc1 a6 22. Qd2 Qd8
23. Bg5 Bxg5 24. Nxg5 Rf8 25. Bg2 h6 26. Nf3 Qe8 27. Ne2 Qf7 28. Qc2 Rb8 29. Kh2
Nge8 30. Rfb1 b5 31. axb5 Bxb5 32. Qd2 Ng7 33. Ra5 Kh7 34. Qc2 Kg8 35. Neg1 Nge8
36. Nh3 Ng7 37. Qd2 Rbd8 38. Nfg1 Qe7 39. Nf3 Qf7 40. Qc2 Rd7 41. Nfg1 Rdd8 42.
Bf3 Qe7 43. Qxg6 Qxh4 44. Ne2 Be8 45. Qc2 h5 46. Rg1 Rd7 47. Qd2 hxg4 48. Rxg4
Qh6 49. Ra1 Bg6 50. Ng1 Rdf7 51. Qd1 Bf5 52. Rg5 Bd3 53. Bh5 Rf5 54. Rxf5 Bxf5
55. Bg4 Qh4 56. Bxf5 Rxf5 57. Qf3 Kf7 58. Ne2 Nh5 59. Rg1 Ne8 60. Rg4 Qd8 61.
Nhxf4 Neg7 62. Ng3 Nxg3 63. Qxg3 Qh8+ 64. Kg2 Qh6 65. Rh4 Qg5 66. Rg4 Qh6 67.
Nh3 Nh5 68. Qh4 Qd2 69. Qd8 Qd3 70. Ng5+ {Black resigns} 1-0

[Event "Team 45 45 League T56"]
[Site "Internet Chess Club"]
[Date "2013.03.17"]
[Round "4"]
[White "leland"]
[Black "sra66"]
[Result "1-0"]
[WhiteElo "1931"]
[BlackElo "1745"]
[Opening "Sicilian: O'Kelly variation"]
[ECO "B28"]
[Time "20:37:11"]
[TimeControl "2700+45"]

1. e4 c5 2. Nf3 a6 3. d4 cxd4 4. Nxd4 Nf6 5. Nc3 e5 6. Nb3 Bb4 7. Bg5 h6 8. Bxf6
Qxf6 9. a3 Bxc3+ 10. bxc3 O-O 11. c4 Nc6 12. c5 Rb8 13. Qd6 Qh4 14. Bd3 b5 15.
O-O Rd8 16. a4 Bb7 17. axb5 axb5 18. f3 b4 19. Bb5 Qe7 20. Rfd1 Qxd6 21. Rxd6
Ra8 22. Rad1 Nb8 23. Bxd7 Nxd7 24. Rxd7 Rxd7 25. Rxd7 Bc6 26. Rd6 Rc8 27. Kf2 f6
28. Ke3 Kf8 29. Kd2 Ke7 30. Na5 Bb5 31. Rb6 Be8 32. Nb7 Bc6 33. Nd6 Rc7 34. Rxb4
{Black forfeits on time} 1-0

[Event "Team 45 45 League T56"]
[Site "Internet Chess Club"]
[Date "2013.03.17"]
[Round "4"]
[White "Bluecat"]
[Black "Portola"]
[Result "1-0"]
[WhiteElo "1986"]
[BlackElo "1847"]
[Opening "English: Mikenas-Carls variation"]
[ECO "A18"]
[Time "12:00:14"]
[TimeControl "2700+45"]

1. c4 e6 2. Nc3 Nf6 3. e4 e5 4. Nf3 Nc6 5. d4 exd4 6. Nxd4 Nxd4 7. Qxd4 Be7 8.
e5 Ng8 9. g3 d6 10. Bg2 dxe5 11. Qxe5 Nf6 12. Bxb7 O-O 13. Bxa8 Bd6 14. Qd4 c5
15. Qd3 Bh3 16. Bd5 Ng4 17. Be4 Re8 18. Be3 Ne5 19. Qc2 Bf8 20. Bxh7+ Kh8 21.
Be4 Qf6 22. Nd5 Qa6 23. Qe2 Qa4 24. Qh5+ {Black resigns} 1-0

[Event "Team 45 45 League T56"]
[Site "Internet Chess Club"]
[Date "2013.03.17"]
[Round "4"]
[White "rubo"]
[Black "clarinetref"]
[Result "0-1"]
[WhiteElo "1712"]
[BlackElo "1673"]
[Opening "Bird's opening"]
[ECO "A02"]
[Time "22:02:09"]
[TimeControl "2700+45"]

1. f4 c5 2. Nf3 Nc6 3. e3 g6 4. d4 cxd4 5. exd4 Bg7 6. c3 e6 7. Nbd2 Nf6 8. Bd3
O-O 9. O-O d6 10. Qe1 e5 11. fxe5 dxe5 12. Qh4 exd4 13. Nxd4 Nxd4 14. Qxd4 Qxd4+
15. cxd4 Rd8 16. Nb3 Be6 17. Bg5 Bxb3 18. axb3 Rd6 19. Bc4 Nd5 20. Rad1 Rf8 21.
Rf3 h6 22. Bh4 a6 23. g4 b5 24. Bg3 Rd7 25. Bxd5 Rxd5 26. Rfd3 Rfd8 27. Bf2 Bf6
28. Kg2 Kg7 29. Kf3 h5 30. h3 hxg4+ 31. hxg4 Bg5 32. Bg3 Bf6 33. Ke4 Be7 34. Kf3
f5 35. Be5+ Bf6 36. Bxf6+ Kxf6 37. gxf5 Kxf5 38. Kg3 Ke4 39. Rf3 Rg5+ 40. Kf2
Rxd4 41. Rf4+ Kxf4 42. Rxd4+ Ke5 43. Rb4 Rf5+ 44. Ke3 g5 45. Re4+ Kd5 46. b4 Re5
47. Rxe5+ Kxe5 48. b3 Kd5 49. Kd3 g4 50. Ke3 g3 51. Kf3 g2 52. Kxg2 Kd4 53. Kf2
Kc3 54. Ke2 Kxb4 55. Kd2 Kxb3 56. Kc1 a5 57. Kb1 Kc3 58. Ka2 b4 59. Kb1 b3 60.
Ka1 a4 61. Kb1 a3 62. Ka1 b2+ 63. Kb1 a2+ 64. Kxa2 Kc2 65. Ka3 b1=Q 66. Ka4 Kc3
{White resigns} 0-1

[Event "Team 45 45 League T56"]
[Site "Internet Chess Club"]
[Date "2013.03.23"]
[Round "4"]
[White "tryanything"]
[Black "evan7284"]
[Result "1-0"]
[WhiteElo "1561"]
[BlackElo "1679"]
[Opening "Queen's pawn, Mason variation"]
[ECO "D00"]
[Time "05:35:37"]
[TimeControl "2700+45"]

1. d4 d5 2. Bf4 e6 3. Nf3 f5 4. e3 c6 5. Bd3 Nf6 6. Nbd2 Bd6 7. Bxd6 Qxd6 8. Ne5
O-O 9. c3 Nbd7 10. f4 Ne4 11. O-O b6 12. Ndf3 Bb7 13. Nxd7 Qxd7 14. Ne5 Qe7 15.
Bxe4 fxe4 16. Qg4 c5 17. Rac1 Rac8 18. h4 Ba6 19. Rfe1 cxd4 20. cxd4 Rxc1 21.
Rxc1 Rc8 22. Rxc8+ Bxc8 23. g3 Qb4 24. Qe2 Qa4 25. a3 Ba6 26. Qd2 Qe8 27. Qf2
Qb5 28. g4 Qb3 29. g5 Qd1+ 30. Kh2 Be2 31. f5 Bf3 32. fxe6 Kf8 33. Kg3 Ke7 34.
Nxf3 exf3 35. Qxf3 Qg1+ 36. Kh3 Kxe6 37. Qg4+ Qxg4+ 38. Kxg4 g6 39. b4 b5 40.
Kf4 a6 41. e4 dxe4 42. Kxe4 Kd6 43. d5 Kd7 44. Ke5 Ke7 45. d6+ {Black resigns}
1-0

[Event "Team 45 45 League T56"]
[Site "Internet Chess Club"]
[Date "2013.03.19"]
[Round "4"]
[White "g8wrb"]
[Black "PostMike"]
[Result "1/2-1/2"]
[WhiteElo "1395"]
[BlackElo "1574"]
[Opening "Nimzo-Indian: classical, 4...c5"]
[ECO "E38"]
[Time "14:43:26"]
[TimeControl "2700+45"]

1. d4 Nf6 2. c4 e6 3. Nc3 Bb4 4. Qc2 c5 5. a3 cxd4 6. axb4 dxc3 7. bxc3 b6 8. e4
d6 9. Bg5 Nbd7 10. Rd1 Qc7 11. Nf3 Bb7 12. Bd3 O-O 13. O-O d5 14. Bxf6 Nxf6 15.
cxd5 exd5 16. e5 Ne4 17. Bxe4 dxe4 18. Nd2 Qxe5 19. Rfe1 f5 20. Nc4 Qc7 21. Nd6
Rad8 22. Nxb7 Qxb7 23. Rd2 Rd7 24. Red1 Rfd8 25. c4 Rxd2 26. Rxd2 Rxd2 27. Qxd2
Kf7 28. Kf1 Qe7 29. Qd5+ Kg6 30. b5 Kf6 31. Ke2 f4 32. Qh5 g5 33. h4 gxh4 34.
Qxh4+ Kf7 35. Qxf4+ Kg6 36. Qg4+ {Game drawn by mutual agreement} 1/2-1/2